 Dungeon Crawl Stone Soup version 0.20.1-1-g8b1a95d (webtiles) character file.

85941 polve the Fencer (level 15, -11/105 HPs)
             Began as a Demonspawn Berserker on July 3, 2017.
             Was the Champion of Trog.
             Mangled by a black mamba (12 damage)
             ... on level 3 of the Snake Pit.
             The game lasted 00:31:48 (23667 turns).

polve the Fencer (Demonspawn Berserker)            Turns: 23667, Time: 00:31:49

Health: -11/105    AC: 20    Str: 28    XL:     15   Next: 39%
Magic:  19/19      EV: 15    Int:  6    God:    Trog [******]
Gold:   738        SH:  0    Dex: 24    Spells: 14/14 levels left

rFire    + + +     SeeInvis +   b - +11 triple sword of Osmocra {venom, *Rage rElec rC+++ Int-4}
rCold    + + +     Gourm    .   (shield currently unavailable)
rNeg     + . .     Faith    .   F - +1 plate armour {rPois}
rPois    +         Spirit   .   C - +2 helmet of Yredelemnul's Hope {*Contam rPois rF++ SInv}
rElec    +         Reflect  .   K - scarf {repulsion}
rCorr    .         Harm     .   y - +2 pair of gloves {Str+3}
MR       ++...     Rnd*Rage +   (boots unavailable)
Stlth    ++........             p - amulet of regeneration
Regen    0.7/turn               M - +6 ring of strength
MPRegen  0.2/turn               S - +3 ring of slaying

@: lethally poisoned (-11 -> -24), repel missiles
A: hooves 3, thin skeletal structure 3, agile 1, fire resistance 1, magic
resistance 1, negative energy resistance 1, spiny 2, flame cloud immunity
a: Berserk, Trog's Hand, Brothers in Arms, Burn Spellbooks, Renounce Religion


You were on level 3 of the Snake Pit.
You worshipped Trog.
Trog was exalted by your worship.
You were not hungry.

You visited 3 branches of the dungeon, and saw 21 of its levels.
You visited 1 bazaar.

You collected 1123 gold pieces.
You spent 385 gold pieces at shops.

Inventory:

Hand Weapons
 a - a +9 demon blade of draining
 b - the +11 triple sword of Osmocra (weapon) {venom, *Rage rElec rC+++ Int-4}
   (You acquired it on level 11 of the Dungeon)

   It poisons the flesh of those it strikes.
   It affects your intelligence (-4).
   It renders you almost immune to cold.
   It insulates you from electricity.
   It may make you go berserk in combat.
Armour
 y - a +2 pair of gloves of strength (worn)
 C - the +2 helmet of Yredelemnul's Hope (worn) {*Contam rPois rF++ SInv}
   (You bought it in a shop in a bazaar)

   It greatly protects you from fire.
   It protects you from poison.
   It lets you see invisible.
   It causes magical contamination when unequipped.
 F - a +1 plate armour of poison resistance (worn)
 K - a scarf of repulsion (worn)
Jewellery
 e - the ring of Impatience {rF+ SInv}
   (You found it on level 12 of the Dungeon)

   [ring of protection from fire]

   It protects you from fire.
   It lets you see invisible.
 p - an amulet of regeneration (around neck)
 M - a +6 ring of strength (left hand)
 S - a +3 ring of slaying (right hand)
Wands
 h - a wand of polymorph (12/24)
 r - a wand of clouds (4/9)
 u - a wand of iceblast (6/15)
 D - a wand of scattershot (6/9)
 I - a wand of acid (5/15)
 J - a wand of clouds (6/9)
 R - a wand of iceblast (10/15)
Scrolls
 d - 4 scrolls of blinking
 f - 10 scrolls of remove curse
 i - 4 scrolls of fear
 j - 3 scrolls of magic mapping
 x - 8 scrolls of teleportation
 A - a scroll of torment {unknown}
 B - 3 scrolls of fog
 G - a scroll of silence {unknown}
 H - 2 scrolls of enchant weapon {unknown}
 U - 9 scrolls of identify
 X - a scroll of recharging {unknown}
Potions
 g - 7 potions of curing
 l - 5 potions of mutation
 n - a potion of haste {unknown}
 o - 3 potions of berserk rage
 q - 7 potions of heal wounds
 s - 2 potions of flight
 t - 2 potions of might {unknown}
 v - 3 potions of ambrosia {unknown}
 w - 4 potions of agility {unknown}
 E - 2 potions of lignification {unknown}
 N - 3 potions of brilliance {unknown}
 P - a potion of degeneration {unknown}
 Q - 3 potions of resistance {unknown}
Comestibles
 c - 11 bread rations
 k - 7 meat rations
 m - 5 royal jellies
 O - 40 fruits


   Skills:
 - Level 6.0 Fighting
 + Level 17.6 Long Blades
 - Level 6.0 Armour
 - Level 10.0 Dodging
 - Level 10.0 Stealth
   Level 7.3 Shields
 - Level 6.0 Evocations


You had 14 spell levels left.
You didn't know any spells.

Dungeon Overview and Level Annotations

Branches:
Dungeon (12/15)            Temple (0/1) D:4            Lair (6/6) D:11
  Swamp (0/4) Lair:4        Snake (3/4) Lair:3        Slime (0/5) Lair:5
    Orc (0/2) D:9

Altars:
Cheibriados
Elyvilon
Fedhas
Gozag
Hepliaklqana
Makhleb
Nemelex Xobeh
Sif Muna
The Shining One

Shops:
D:5 }


Innate Abilities, Weirdness & Mutations

You have hooves in place of feet.
You have an unnaturally thin skeletal structure. (Dex +6, Stealth++)
Your flesh is heat resistant. (rF+)
You resist negative energy. (rN+)
You are mostly covered in sharp spines.
You are immune to clouds of flame.
You are agile. (Dex +2)
You are resistant to hostile enchantments. (MR+)


Message History

The black mamba bites you!
* * * LOW HITPOINT WARNING * * *
The black mamba bites you but does no damage.
The naga ritualist hits you with a dagger of venom.
* * * LOW HITPOINT WARNING * * *
You are more poisoned.
The black mamba bites you!
* * * LOW HITPOINT WARNING * * *
The black mamba bites you.
* * * LOW HITPOINT WARNING * * *
You open the naga ritualist like a pillowcase!!!
The naga ritualist looks as sick as possible!
You kick the naga ritualist, but do no damage.
The naga ritualist is severely wounded.
* * * LOW HITPOINT WARNING * * *
You feel very sick. The naga completely misses you.
The black mamba bites you but does no damage.
The black mamba bites you!
You die...

.. ###.... ....... ...
#############..###
.................##
.##.......#.#..#..
.##.#####.#....#N#
.##.#####+#..###S###.$#.
.##.##........).@N..S...
###.##.(....(.#.S.....##
.......(.(.#.......#.>..
###.##.##.....#..#.# #.#
....#.##?.......#.# .
###.##.##..#######.#
#.........# #<#.#
########..# #.#.# #<#..#
#†#.#


You could see a naga ritualist, 3 black mambas and a naga.

Vanquished Creatures
  A sphinx (D:12)
  A nagaraja (Snake:2)
  An orc warlord (D:12)
  4 dire elephants (Lair:6)
  Josephine (Lair:5)
  4 hydras
  3 naga warriors (Snake:1)
  4 anacondas
  A catoblepas (Lair:5)
  2 two-headed ogres
  A deep troll earth mage (D:12)
  4 naga sharpshooters (Snake:1)
  19 death yaks
  Urug (Lair:4)
  8 shock serpents
  Nergalle (Lair:3)
  A salamander mystic (Snake:1)
  An unseen horror (D:11)
  2 naga ritualists
  An orc knight (D:12)
  3 mana vipers (Snake:1)
  2 oklob plants
  A cyclops (shapeshifter) (D:12)
  2 ugly things
  A cyclops (D:12)
  4 salamanders
  Joseph (D:9)
  4 elephants (Lair:6)
  4 naga magi
  2 guardian serpents
  A torpor snail (Lair:6)
  The ghost of Agrougrou the Chopper, a novice DsFi of Okawaru (D:5)
  14 black mambas
  A gargoyle (D:11)
  15 spiny frogs
  A rime drake (Lair:3)
  A harpy zombie (D:12)
  8 komodo dragons
  3 trolls
  Grinder (D:3)
  A hornet (D:11)
  2 polar bears (Lair:6)
  7 hippogriffs
  10 blink frogs
  5 dream sheep
  5 wraiths (Lair:5)
  23 yaks
  A spriggan (D:7)
  3 wyverns
  2 hungry ghosts
  A basilisk (Lair:4)
  2 vampire mosquitoes (D:12)
  2 wargs (D:12)
  15 nagas
  13 water moccasins
  7 porcupines
  4 black bears
  A hornet zombie (D:8)
  4 ice beasts
  7 orc warriors
  2 phantoms
  2 sky beasts
  A necrophage (D:9)
  7 centaurs
  12 wolves
  7 crocodiles
  5 ogres
  A big kobold (D:12)
  11 bullfrogs
  2 wyvern zombies
  3 scorpions
  9 killer bees
  2 electric eels
  4 wights (D:12)
  2 howler monkeys
  7 crimson imps
  7 jellies
  A bullfrog zombie (D:11)
  3 centaur zombies
  7 hounds
  A quasit (D:10)
  8 orc priests
  Crazy Yiuf (D:2)
  Terence (D:2)
  5 bullfrog skeletons
  Natasha (thrice) (D:3)
  4 iguanas
  16 orc wizards
  10 worker ants
  A killer bee zombie (D:6)
  A hound zombie (D:9)
  A hound skeleton (D:6)
  A worker ant zombie (D:8)
  A howler monkey zombie (D:11)
  17 adders
  4 shadow imps
  2 oozes
  3 adder skeletons
  2 worms
  A dart slug (D:1)
  6 leopard geckos
  58 orcs
  4 giant cockroaches
  9 goblins
  4 hobgoblins
  8 jackals
  6 quokkas
  6 bats
  7 frilled lizards
  10 kobolds
  A leopard gecko zombie (D:6)
  3 rats
  A fungus (Lair:6)
  4 plants (Lair:6)
551 creatures vanquished.

Vanquished Creatures (collateral kills)
  A hydra (Lair:6)
  2 death yaks (Lair:6)
  A black mamba (Lair:6)
  2 hippogriffs (Lair:3)
  A water moccasin (Lair:3)
  A crocodile (Lair:6)
  A bullfrog (Lair:3)
9 creatures vanquished.

Vanquished Creatures (others)
  24 fungi
  40 plants
64 creatures vanquished.

Grand Total: 624 creatures vanquished

Notes
Turn   | Place    | Note
-------+----------+-------------------------------------------
     0 | D:1      | polve the Demonspawn Berserker began the quest for the Orb.
     0 | D:1      | Reached XP level 1. HP: 18/18 MP: 1/1
   121 | D:1      | Reached skill level 3 in Long Blades
   342 | D:1      | Gained mutation: Your flesh is heat resistant. (rF+) [demonic ancestry]
   342 | D:1      | Reached XP level 2. HP: 23/24 MP: 2/2
  1053 | D:2      | Gained mutation: You are immune to clouds of flame. [demonic ancestry]
  1053 | D:2      | Reached XP level 3. HP: 28/29 MP: 3/3
  1072 | D:2      | Reached ** piety under Trog
  1243 | D:2      | Reached skill level 4 in Long Blades
  1317 | D:2      | Found a deep blue altar of Sif Muna.
  1320 | D:2      | Found a blossoming altar of Fedhas.
  1325 | D:2      | Found a snail-covered altar of Cheibriados.
  1325 | D:2      | Found a burning altar of Makhleb.
  1325 | D:2      | Found an opulent altar of Gozag.
  1434 | D:2      | Found a faded altar of an unknown god.
  1650 | D:2      | Noticed Terence
  1662 | D:2      | Killed Terence
  1662 | D:2      | Gained mutation: You have a somewhat thin skeletal structure. (Dex +2, Stealth) [demonic ancestry]
  1662 | D:2      | Reached XP level 4. HP: 35/35 MP: 4/4
  2286 | D:2      | Found a runed door.
  2290 | D:2      | Noticed Crazy Yiuf
  2300 | D:2      | Killed Crazy Yiuf
  2300 | D:2      | Reached skill level 5 in Long Blades
  2512 | D:3      | Noticed Grinder
  2515 | D:3      | Paralysed by Grinder for 4 turns
  2523 | D:3      | Paralysed by Grinder for 5 turns
  2529 | D:3      | Killed Grinder
  2529 | D:3      | Reached skill level 6 in Long Blades
  2529 | D:3      | Gained mutation: You have a moderately thin skeletal structure. (Dex +4, Stealth+) [demonic ancestry]
  2529 | D:3      | Reached XP level 5. HP: 23/41 MP: 5/5
  2529 | D:3      | Reached XP level 6. HP: 27/47 MP: 6/6
  2707 | D:3      | Noticed Natasha
  2715 | D:3      | Killed Natasha
  3101 | D:3      | Noticed Natasha
  3107 | D:3      | Killed Natasha
  3291 | D:3      | You fall through a shaft!
  3433 | D:3      | Noticed Natasha
  3449 | D:3      | Killed Natasha
  3449 | D:3      | Reached skill level 7 in Long Blades
  4208 | D:4      | Found a staircase to the Ecumenical Temple.
  4293 | D:4      | Reached XP level 7. HP: 48/52 MP: 7/7
  4530 | D:4      | Reached *** piety under Trog
  4915 | D:4      | Reached skill level 8 in Long Blades
  5204 | D:4      | Found a glowing golden altar of the Shining One.
  5476 | D:4      | Reached skill level 9 in Long Blades
  5476 | D:4      | Gained mutation: You have large cloven feet. [demonic ancestry]
  5476 | D:4      | Reached XP level 8. HP: 50/58 MP: 8/8
  5556 | D:5      | Entered Level 5 of the Dungeon
  5825 | D:5      | Found a sparkling altar of Nemelex Xobeh.
  5912 | D:5      | Found Kuuruss's Gadget Shoppe.
  5964 | D:5      | Noticed Agrougrou's ghost (novice DsFi)
  5972 | D:5      | Killed Agrougrou's ghost
  5972 | D:5      | Reached skill level 10 in Long Blades
  6863 | D:6      | You fall through a shaft!
  6912 | D:6      | Reached **** piety under Trog
  6912 | D:6      | Received a gift from Trog
  6914 | D:6      | Reached skill level 11 in Long Blades
  6914 | D:6      | Gained mutation: You have hoof-like feet. [demonic ancestry]
  6914 | D:6      | Reached XP level 9. HP: 63/63 MP: 9/9
  8336 | D:7      | Reached skill level 12 in Long Blades
  8450 | D:7      | Found a hazy altar of Hepliaklqana.
  8451 | D:7      | Found a white marble altar of Elyvilon.
  9118 | D:8      | HP: 3/63 [poisoned by an orc]
  9746 | D:9      | Reached skill level 13 in Long Blades
  9810 | D:9      | Reached XP level 10. HP: 61/70 MP: 10/10
 10088 | D:9      | Found a staircase to the Orcish Mines.
 10155 | D:9      | Noticed Joseph
 10181 | D:9      | Killed Joseph
 10197 | D:9      | Reached ***** piety under Trog
 10589 | D:9      | Noticed a two-headed ogre
 10598 | D:9      | Killed a two-headed ogre
 10598 | D:9      | Reached skill level 14 in Long Blades
 11068 | D:10     | Entered Level 10 of the Dungeon
 11365 | D:10     | Reached skill level 1 in Shields
 11370 | D:10     | Noticed a two-headed ogre
 11377 | D:10     | Killed a two-headed ogre
 11795 | D:11     | Gained mutation: You are partially covered in sharp spines. [demonic ancestry]
 11795 | D:11     | Reached XP level 11. HP: 71/77 MP: 11/11
 11836 | D:11     | Noticed a brown ugly thing
 11846 | D:11     | Killed a brown ugly thing
 12021 | D:11     | Found a staircase to the Lair.
 12061 | D:11     | Found a blossoming altar of Fedhas.
 12101 | D:11     | Killed an unseen horror
 12181 | D:11     | Noticed a two-headed ogre
 12255 | D:11     | Received a gift from Trog
 12274 | D:11     | Identified 2 scrolls of acquirement
 12293 | D:11     | Got a steaming triple sword
 12300 | D:11     | Identified the +11 triple sword of Osmocra {venom, *Rage rElec rC+++ Int-4} (You acquired it on level 11 of the Dungeon)
 12748 | D:12     | Found a flickering gateway to a bazaar.
 12774 | D:12     | Reached skill level 5 in Dodging
 12781 | Bazaar   | Entered a bazaar
 12786 | Bazaar   | Found Ereh's Gadget Shop.
 12822 | Bazaar   | Found Hituph's Antique Armour Shop.
 12830 | Bazaar   | Bought a distressingly furry helmet for 209 gold pieces
 12830 | Bazaar   | Bought an embroidered scarf for 176 gold pieces
 12835 | Bazaar   | Identified the +2 helmet of Yredelemnul's Hope {*Contam rPois rF++ SInv} (You bought it in a shop in a bazaar)
 12962 | D:12     | Reached skill level 5 in Fighting
 13111 | D:12     | Noticed an orc knight
 13123 | D:12     | Killed an orc knight
 13224 | D:12     | Noticed a brown ugly thing
 13235 | D:12     | Killed a brown ugly thing
 13289 | D:12     | Noticed a deep troll earth mage
 13296 | D:12     | Killed a deep troll earth mage
 13296 | D:12     | Reached skill level 5 in Armour
 13331 | D:12     | Noticed a sphinx
 13344 | D:12     | Killed a sphinx
 13344 | D:12     | Gained mutation: You are mostly covered in sharp spines. [demonic ancestry]
 13344 | D:12     | Reached XP level 12. HP: 88/88 MP: 12/12
 13376 | D:12     | Got a brightly glowing copper ring
 13382 | D:12     | Identified the ring of Impatience {rF+ SInv} (You found it on level 12 of the Dungeon)
 13457 | D:12     | Noticed an orc warlord
 13470 | D:12     | Killed an orc warlord
 13910 | Lair:1   | Entered Level 1 of the Lair of Beasts
 14828 | Lair:2   | Got a polished helmet
 14839 | Lair:2   | Identified the cursed -5 helmet of Mirth {rN+ MR+} (You found it on level 2 of the Lair of Beasts)
 14860 | Lair:2   | Gained mutation: You are frail. (-10% HP) [mutagenic glow]
 14893 | Lair:2   | Lost mutation: You are frail. (-10% HP) [potion of mutation]
 14893 | Lair:2   | Gained mutation: You are resistant to hostile enchantments. (MR+) [potion of mutation]
 14893 | Lair:2   | Gained mutation: You are agile. (Dex +2) [potion of mutation]
 15427 | Lair:3   | Noticed a five-headed hydra
 15432 | Lair:3   | Killed an eight-headed hydra
 15447 | Lair:3   | Reached skill level 15 in Long Blades
 15466 | Lair:3   | Found a staircase to the Snake Pit.
 15796 | Lair:3   | Reached ****** piety under Trog
 15903 | Lair:3   | Noticed Nergalle
 15911 | Lair:3   | Killed Nergalle
 15911 | Lair:3   | Reached skill level 10 in Dodging
 16087 | Lair:4   | Noticed Urug
 16093 | Lair:4   | Killed Urug
 16093 | Lair:4   | Reached skill level 1 in Stealth
 16093 | Lair:4   | Reached skill level 1 in Evocations
 16093 | Lair:4   | Gained mutation: You have an unnaturally thin skeletal structure. (Dex +6, Stealth++) [demonic ancestry]
 16093 | Lair:4   | Reached XP level 13. HP: 93/93 MP: 13/13
 16778 | Lair:4   | Found a staircase to the Swamp.
 16964 | Lair:4   | Found a blossoming altar of Fedhas.
 16990 | Lair:4   | Received a gift from Trog
 17624 | Lair:5   | Noticed Josephine
 17629 | Lair:5   | Killed Josephine
 18561 | Lair:5   | Found a staircase to the Slime Pits.
 18722 | Lair:6   | Entered Level 6 of the Lair of Beasts
 18757 | Lair:6   | Reached skill level 5 in Evocations
 18762 | Lair:6   | Reached skill level 5 in Stealth
 19323 | Lair:6   | Reached skill level 16 in Long Blades
 19324 | Lair:6   | Gained mutation: You have hooves in place of feet. [demonic ancestry]
 19324 | Lair:6   | Reached XP level 14. HP: 100/100 MP: 18/18
 19327 | Lair:6   | Received a gift from Trog
 19335 | Lair:6   | HP: 3/150 [death yak (15)]
 20073 | Lair:6   | Got a twisted ring mail
 20084 | Lair:6   | Identified the cursed +1 ring mail "Moipp" {Regen+} (You found it on level 6 of the Lair of Beasts)
 20835 | Snake:1  | Entered Level 1 of the Snake Pit
 20851 | Snake:1  | Received a gift from Trog
 21100 | Snake:1  | Reached skill level 5 in Shields
 21110 | Snake:1  | Reached skill level 10 in Stealth
 21173 | Snake:1  | Gained mutation: You resist negative energy. (rN+) [demonic ancestry]
 21173 | Snake:1  | Reached XP level 15. HP: 55/105 MP: 19/19
 21693 | Snake:1  | Found an opulent altar of Gozag.
 21873 | Lair:1   | Reached skill level 17 in Long Blades
 22227 | Snake:2  | Noticed a nagaraja
 22234 | Snake:2  | Killed a nagaraja
 23666 | Snake:3  | HP: 3/105 [black mamba (4)]
 23667 | Snake:3  | HP: 1/105 [poisoned by a naga ritualist]
 23667 | Snake:3  | Mangled by a black mamba

Skill      XL: |  1  2  3  4  5  6  7  8  9 10 11 12 13 14 15 |
---------------+----------------------------------------------+-----
Long Blades    | 3 4 6 7 9 11 13 14 15 16 17 | 17.6
Armour         | 3 5 6 |  6.0
Dodging        | 3 7 10 | 10.0
Shields        | 1 4 6 7 |  7.3
Fighting       | 4 6 |  6.0
Stealth        | 1 6 10 | 10.0
Evocations     | 1 6 |  6.0

Action                   |  1- 3 |  4- 6 |  7- 9 | 10-12 | 13-15 || total
-------------------------+-------+-------+-------+-------+-------++-------
Melee: Falchion          |   149 |   183 |   183 |       |       ||   515
       Double sword      |       |       |   182 |   161 |       ||   343
       Kick              |       |       |    80 |    58 |   173 ||   311
       Demon blade       |       |       |       |   108 |   118 ||   226
       Triple sword      |       |       |       |   132 |   280 ||   412
Invok: Berserk           |     1 |     5 |     7 |     5 |     5 ||    23
       Trog's Hand       |       |       |     1 |       |     1 ||     2
       Burn Spellbooks   |       |       |     1 |     1 |     1 ||     3
       Brothers in Arms  |       |       |       |     1 |     1 ||     2
  Use: Scroll            |       |       |     7 |    14 |     1 ||    22
       Potion            |       |       |     1 |     1 |       ||     2
 Stab: Sleeping          |       |       |       |       |     3 ||     3
       Distracted        |       |       |       |       |     3 ||     3
  Eat: Chunk             |     3 |     9 |    19 |    28 |    27 ||    86
       Meat ration       |       |     1 |     1 |       |       ||     2
       Fruit             |       |       |       |       |     3 ||     3
Armor: Chain mail        |    72 |    84 |   191 |    67 |       ||   414
       Animal skin       |     2 |       |       |       |       ||     2
       Troll leather arm |       |       |       |     5 |       ||     5
       Plate armour      |       |       |       |    41 |   134 ||   175
       Ring mail         |       |       |       |       |    25 ||    25
Dodge: Dodged            |    55 |    54 |   103 |   244 |   329 ||   785
       Deflected         |       |       |       |     3 |    16 ||    19
Block: Buckler           |     3 |    27 |    56 |    42 |       ||   128
       Shield            |       |       |       |       |    55 ||    55
       Rpst.: Falchion   |    15 |    15 |    16 |       |       ||    46
       Double sword      |       |       |    20 |    12 |       ||    32
       Demon blade       |       |       |       |    16 |    11 ||    27
       Triple sword      |       |       |       |    34 |    62 ||    96
